 Dungeon Crawl Stone Soup version 0.25-a0-265-g7af84ae0ac (webtiles) character file.

Game seed: 17589820372364788868, levelgen mode: deterministic

614379 MisterFreud the Hawkeye (level 27, -5/197 HPs)
             Began as a Gnoll Fighter on Dec 6, 2019.
             Was the Champion of Ashenzari.
             Killed from afar by an orb of fire (22 damage)
             ... with a fireball
             ... on level 3 of the Realm of Zot on Dec 7, 2019.
             The game lasted 04:22:15 (64851 turns).

MisterFreud the Hawkeye (Gnoll Fighter)            Turns: 64851, Time: 04:22:16

Health: -5/197     AC: 36    Str: 20 (21) XL:     27
Magic:  33/44      EV: 32    Int: 25      God:    Ashenzari [******]
Gold:   6443       SH: 17    Dex: 22 (23) Spells: 12/61 levels left

rFire    . . .     SeeInvis +   B - +9 demon trident (elec) (curse)
rCold    + . .     Gourm    .   l - +0 shield {AC+3} (curse)
rNeg     + + +     Faith    +   y - +2 swamp dragon scales of the Yeti {rElec rPois Int+4 Dex+4} (curse)
rPois    ∞         Spirit   .   G - +2 helmet (curse)
rElec    +         Reflect  .   Y - +2 cloak {MR+} (curse)
rCorr    +         Harm     .   c - +3 pair of gloves of Existentialism {*Drain MR+ rCorr} (curse)
MR       +++++     Clarity  +   j - +0 pair of boots {Stlth+} (curse)
Stlth    ++++++++..             E - amulet of faith (curse)
HPRegen  0.42/turn              T - ring "Ytihamm" {rElec rPois MR+ Dex+4} (curse)
MPRegen  0.29/turn              s - ring of wizardry (curse)

@: about to teleport, lich-form, studying 2 skills
A: distributed training, fangs 1, deformed body, frail 1, sturdy frame 1, strong
nose
}: 3/15 runes: serpentine, barnacled, silver
a: End Transformation, Curse Item, Scrying, Renounce Religion


You were on level 3 of the Realm of Zot.
You worshipped Ashenzari.
Ashenzari was exalted by your worship.
You were not hungry.
You were a lich.
You visited 11 branches of the dungeon, and saw 50 of its levels.
You visited the Abyss 1 time.
You also visited: Trove, Ossuary, Gauntlet and Ice Cave.

You collected 9135 gold pieces.
You spent 2692 gold pieces at shops.

Inventory:

Hand Weapons
 B - a cursed +9 demon trident of electrocution (weapon)
Armour
 c - the cursed +3 pair of gloves of Existentialism (worn) {*Drain MR+ rCorr}
   (You found it on level 5 of the Vaults)

   It affects your resistance to hostile enchantments.
   It provides partial protection from all sources of acid and corrosion.
   It causes draining when unequipped.
   It has a curse placed upon it.
 j - a cursed +0 pair of boots of stealth (worn)
 l - a cursed +0 shield of protection (worn)
 y - the cursed +2 swamp dragon scales of the Yeti (worn) {rElec rPois Int+4 Dex+4}
   (You bought it in a shop on level 2 of the Orcish Mines)

   It affects your intelligence (+4).
   It affects your dexterity (+4).
   It insulates you from electricity.
   It protects you from poison.
   It has a curse placed upon it.
 G - a cursed +2 helmet (worn)
 Y - a cursed +2 cloak of magic resistance (worn)
Jewellery
 h - the ring "Oqurrah" {rPois rF+ Dex+2}
   (You found it on level 12 of the Dungeon)

   [ring of protection from fire]

   It affects your dexterity (+2).
   It protects you from fire.
   It protects you from poison.
 s - a cursed ring of wizardry (right hand)
 E - a cursed amulet of faith (around neck)
 F - the amulet "Seopot" {Acrobat rC+ Dex+3}
   (You took it off a tengu reaver on level 5 of the Vaults)

   [amulet of the acrobat]

   It helps you evade while moving and waiting.
   It affects your dexterity (+3).
   It protects you from cold.
 I - an uncursed ring of protection from magic
 S - an uncursed ring of positive energy
 T - the cursed ring "Ytihamm" (left hand) {rElec rPois MR+ Dex+4}
   (You found it in a Gauntlet)

   [ring of poison resistance]

   It affects your dexterity (+4).
   It insulates you from electricity.
   It protects you from poison.
   It affects your resistance to hostile enchantments.
   It has a curse placed upon it.
 W - the ring of the Ant {rCorr Str+4}
   (You found it on level 3 of the Elven Halls)

   [ring of resist corrosion]

   It affects your strength (+4).
   It provides partial protection from all sources of acid and corrosion.
Wands
 d - a wand of acid (56)
 k - a wand of enslavement (34)
 J - a wand of digging (8)
 L - a wand of polymorph (31)
 N - a wand of iceblast (24)
Scrolls
 e - 13 scrolls of remove curse
 u - 2 scrolls of enchant armour
 C - 5 scrolls of blinking
 K - 6 scrolls of amnesia
 O - 7 scrolls of magic mapping
 P - 19 scrolls of teleportation
 R - 4 scrolls of silence
 V - 7 scrolls of fear
 X - 4 scrolls of fog
Potions
 b - 4 potions of resistance
 g - a potion of berserk rage
 m - 28 potions of curing
 p - 8 potions of agility
 r - 14 potions of heal wounds
 w - 4 potions of magic
 x - 4 potions of might
 z - 10 potions of mutation
 A - 6 potions of cancellation
 D - 9 potions of haste
 H - 8 potions of brilliance
 M - 4 potions of invisibility
 U - 2 potions of ambrosia
Books
 v - a manual of Throwing
 Q - a manual of Transmutations
Miscellaneous
 a - 2 sacks of spiders
 i - a lamp of fire
 q - a lightning rod (4/4)
 t - 3 phantom mirrors
 Z - 4 boxes of beasts
Comestibles
 f - 64 rations


   Skills:
 + Level 18.5 Fighting
 + Level 18.1 Short Blades
 + Level 17.7 Long Blades
 + Level 17.7 Axes
 + Level 17.7 Maces & Flails
 + Level 17.7(21.4) Polearms
 + Level 17.7 Staves
 + Level 17.7 Slings
 + Level 17.7 Bows
 + Level 17.7 Crossbows
 + Level 22.3 Throwing
 + Level 18.5(22.2) Armour
 + Level 17.7(21.4) Dodging
 + Level 17.7 Stealth
 + Level 18.5(20.8) Shields
 + Level 17.7 Unarmed Combat
 + Level 17.7 Spellcasting
 + Level 15.3(19.2) Conjurations
 + Level 15.3(19.2) Hexes
 + Level 15.3(19.2) Charms
 + Level 15.3(19.2) Summonings
 + Level 15.3(19.2) Necromancy
 + Level 15.3(19.2) Translocations
 + Level 17.5(21.2) Transmutations
 + Level 15.3(19.2) Fire Magic
 + Level 15.3(19.2) Ice Magic
 + Level 15.3(19.2) Air Magic
 + Level 15.3(19.2) Earth Magic
 + Level 15.3(19.2) Poison Magic
 + Level 19.0 Invocations
 + Level 17.7(21.4) Evocations


You had 12 spell levels left.
You knew the following spells:

 Your Spells              Type           Power        Failure   Level  Hunger
a - Necromutation         Tmut/Necr      ########..   1%          8    N/A
b - Regeneration          Chrm/Necr      ########..   0%          3    N/A
c - Aura of Abjuration    Summ           #######...   1%          5    N/A
d - Spectral Weapon       Hex/Chrm       #######.     0%          3    N/A
e - Ignition              Fire           #######...   2%          8    N/A
f - Statue Form           Tmut/Erth      #######..    1%          6    N/A
g - Spellforged Servitor  Conj/Summ      #######...   1%          7    N/A
h - Iron Shot             Conj/Erth      #######...   1%          6    N/A
i - Lesser Beckoning      Tloc           #######...   0%          3    N/A

Your spell library contained the following spells:

 Spells                   Type           Power        Failure   Level  Hunger
 Apportation              Tloc           ######       0%          1    N/A
 Beastly Appendage        Tmut           ######       0%          1    N/A
 Confusing Touch          Hex            ######       0%          1    N/A
 Corona                   Hex            #######      0%          1    N/A
 Foxfire                  Conj/Fire      ####         0%          1    N/A
 Freeze                   Ice            ####         0%          1    N/A
 Infusion                 Chrm           ####         0%          1    N/A
 Sandblast                Erth           ######       0%          1    N/A
 Shock                    Conj/Air       ####         0%          1    N/A
 Sting                    Tmut/Pois      ####         0%          1    N/A
 Summon Butterflies       Summ           #######.     0%          1    N/A
 Ensorcelled Hibernation  Hex/Ice        ######       0%          2    N/A
 Passwall                 Tmut/Erth      #######.     0%          2    N/A
 Poisonous Vapours        Pois/Air       ######       0%          2    N/A
 Shroud of Golubria       Chrm/Tloc      ######       0%          2    N/A
 Slow                     Hex            #######.     0%          2    N/A
 Song of Slaying          Chrm           #######.     0%          2    N/A
 Sticks to Snakes         Tmut           #######.     0%          2    N/A
 Sublimation of Blood     Necr           ########..   0%          2    N/A
 Swiftness                Chrm/Air       #######.     0%          2    N/A
 Confuse                  Hex            #######.     0%          3    N/A
 Conjure Flame            Conj/Fire      #######.     0%          3    N/A
 Dazzling Flash           Conj/Hex       ######       0%          3    N/A
 Gell's Gravitas          Tloc           #######...   0%          3    N/A
 Ignite Poison            Fire/Tmut/Pois #######.     0%          3    N/A
 Inner Flame              Hex/Fire       #######.     0%          3    N/A
 Mephitic Cloud           Conj/Pois/Air  #######.     0%          3    N/A
 Ozocubu's Armour         Chrm/Ice       #######.     0%          3    N/A
 Portal Projectile        Hex/Tloc       ######       0%          3    N/A
 Recall                   Summ/Tloc      N/A          0%          3    N/A
 Spider Form              Tmut/Pois      #######...   0%          3    N/A
 Static Discharge         Conj/Air       #######.     0%          3    N/A
 Stone Arrow              Conj/Erth      ######       0%          3    N/A
 Tukima's Dance           Hex            #######.     0%          3    N/A
 Vampiric Draining        Necr           ########..   0%          3    N/A
 Airstrike                Air            #######...   0%          4    N/A
 Animate Dead             Necr           N/A          0%          4    N/A
 Cause Fear               Hex            #######...   0%          4    N/A
 Hailstorm                Conj/Ice       #######.     0%          4    N/A
 Ice Form                 Ice/Tmut       #######.     0%          4    N/A
 Leda's Liquefaction      Hex/Erth       #######...   0%          4    N/A
 Olgreb's Toxic Radiance  Pois           #######.     0%          4    N/A
 Passage of Golubria      Tloc           N/A          0%          4    N/A
 Petrify                  Tmut/Erth      #######.     0%          4    N/A
 Sticky Flame             Conj/Fire      #######.     0%          4    N/A
 Summon Ice Beast         Ice/Summ       #######.     0%          4    N/A
 Alistair's Intoxication  Tmut/Pois      #######.     0%          5    N/A
 Blade Hands              Tmut           #######...   0%          5    N/A
 Irradiate                Conj/Tmut      #######...   0%          5    N/A
 Yara's Violent Unravell  Hex/Tmut       #######...   0%          5    N/A
 Bolt of Magma            Conj/Fire/Erth #######...   1%          5    N/A
 Borgnjor's Vile Clutch   Necr/Erth      ########..   1%          5    N/A
 Dispel Undead            Necr           ########     1%          5    N/A
 Excruciating Wounds      Chrm/Necr      ########..   1%          5    N/A
 Fireball                 Conj/Fire      #######...   1%          5    N/A
 Lee's Rapid Deconstruct  Erth           #######...   1%          5    N/A
 Lightning Bolt           Conj/Air       #######...   1%          5    N/A
 Metabolic Englaciation   Hex/Ice        #######...   1%          5    N/A
 Silence                  Hex/Air        #######...   1%          5    N/A
 Summon Demon             Summ           #######...   1%          5    N/A
 Summon Forest            Summ/Tloc      #######...   1%          5    N/A
 Summon Mana Viper        Hex/Summ       #######.     1%          5    N/A
 Conjure Ball Lightning   Conj/Air       #######...   1%          6    N/A
 Darkness                 Hex            #######...   1%          6    N/A
 Death Channel            Necr           ########..   1%          6    N/A
 Eringya's Noxious Bog    Tmut/Pois      #######...   1%          6    N/A
 Freezing Cloud           Conj/Ice/Air   #######...   1%          6    N/A
 Invisibility             Hex            #######.     1%          6    N/A
 Ozocubu's Refrigeration  Ice            #######...   1%          6    N/A
 Shadow Creatures         Summ           N/A          1%          6    N/A
 Simulacrum               Ice/Necr       ########..   1%          6    N/A
 Starburst                Conj/Fire      #######...   1%          6    N/A
 Haunt                    Necr/Summ      ########..   1%          7    N/A
 Ring of Flames           Chrm/Fire      #######...   1%          7    N/A
 Borgnjor's Revivificati  Necr           ########..   2%          8    N/A
 Death's Door             Chrm/Necr      ########..   2%          8    N/A
 Infestation              Necr           ########..   2%          8    N/A
 Shatter                  Erth           #######...   34%         9    N/A
 Tornado                  Air            #######...   34%         9    N/A

Dungeon Overview and Level Annotations

Branches:
Dungeon (15/15)            Temple (1/1) D:6            Lair (5/6) D:9
 Shoals (4/4) Lair:4        Snake (4/4) Lair:4        Slime (0/5) Lair:5
    Orc (2/2) D:12            Elf (3/3) Orc:2        Vaults (5/5) D:13
  Crypt (3/3) Vaults:3       Tomb (0/3) Crypt:3      Depths (5/5) D:15
    Zot (3/5) Depths:5    Ossuary (visited)           IceCv (visited)
Gauntlet (visited)

Altars:
Ashenzari
Cheibriados
Dithmenos
Elyvilon
Fedhas
Gozag
Hepliaklqana
Kikubaaqudgha
Makhleb
Nemelex Xobeh
Okawaru
Qazlal
Ru
Sif Muna
Trog
Uskayaw
Vehumet
Wu Jian
Xom
Yredelemnul
Zin
The Shining One
Beogh
Jiyva

Shops:
D:4 (   D:7 ?   D:11 [   D:12 (   Orc:2 *[=(   Shoals:2 *   Shoals:3 }
Vaults:3 !   Depths:5 *}}=

Portals:
Hell: Depths:1 Depths:2 Depths:3 Depths:4 Depths:5
Abyss: Depths:1 Depths:2 Depths:4
Pandemonium: Depths:3
Ziggurat: Depths:3

Annotations:
D:8 exclusion: statue
Lair:3 3 runed translucent doors, Naannir's ghost, journeyman SpAs
Snake:1 Arran's ghost, adept DgTm
Depths:1 1 runed translucent door, Nico3ck's ghost, adept DsGl


Innate Abilities, Weirdness & Mutations

Your experience applies equally to all skills.
You have very sharp teeth.
Your uncanny sense of smell can sniff out nearby items.
Armour fits poorly on your strangely shaped body.
You are frail. (-10% HP)
Your movements are slightly less encumbered by armour. (ER -2)


Message History

The bolt of fire hits you!
* * * LOW HITPOINT WARNING * * *
The bolt of fire hits your spellforged servitor.
Your spellforged servitor resists.
The white draconian misses you.
The purple draconian hits you but does no damage.
You miss the orb of fire.
The orb of fire is moderately damaged.
You hit the orb of fire.
The orb of fire is moderately damaged.
The white draconian hits you but does no damage.
The orb of fire glows red.
The bolt of fire hits you!!!
* * * LOW HITPOINT WARNING * * *
The bolt of fire hits your spellforged servitor!
Your spellforged servitor resists.
You block the purple draconian's attack.
The orb of fire glows deep purple.
The fireball explodes!
The fireball engulfs you!!
You die...

*#..##..##......#..#,, ,
##..##..###....##.....##.
##..##...##.#...#.#...#.#.
##..##).###.#.....##..##..#
##...#..## ###d........##...
##[.##).## ##z.d..##..#.....
#..##..###*##*##.#...##{..$..
#.....###..#..#.##..###......
##....#, #..L8dd###...DX.<...
##.##...##....#.......#.{...
### ....##..##......###...#
.....##..##...##.##...#
*......##......##....[#.
####### #.⌠.#..##.#))). * {
,,##..###,###..[. * * * #...*
,*##†#. * ** ,* , * ,, #..


You could see an orb of fire, 2 draconians, a white draconian, a death cob and a
friendly spellforged servitor.

Vanquished Creatures
  Mennas (Vaults:5)
  A juggernaut (Depths:1)
  Sojobo (Vaults:4)
  Margery (Crypt:1)
  Bai Suzhen (Crypt:3)
  Saint Roka (Orc:2)
  Vashnia (Snake:2)
  8 golden dragons
  2 bone dragons
  2 electric golems
  7 tentacled monstrosities
  Rupert (D:12)
  2 deep elf blademasters (Elf:3)
  3 liches
  4 quicksilver dragons
  2 deep elf master archers (Elf:3)
  Frances (Snake:1)
  5 death cobs
  2 krakens (Shoals:1)
  8 titans
  8 tengu reavers
  2 tentacled starspawn (Abyss:1)
  Agnes (Snake:4)
  3 sphinxes
  Roxanne (Shoals:4)
  4 ancient champions
  7 storm dragons
  A shadow dragon (shapeshifter) (Depths:3)
  Donald (Orc:2)
  2 draconian monks
  Kirke (Lair:4)
  9 shadow dragons
  2 revenants
  An azure jelly (shapeshifter) (Depths:3)
  9 frost giants
  12 fire giants
  5 draconian knights
  6 nagarajas
  10 deep elf sorcerers
  A ghost moth (Zot:2)
  13 vault wardens
  2 iron dragons
  3 draconian scorchers (Zot:2)
  A draconian shifter (Zot:1)
  Louise (Elf:3)
  5 curse skulls
  Aizul (Snake:1)
  A balrug (Depths:2)
  A ghoul (Crypt:1)
  3 draconian stormcallers
  10 ironheart preservers
  2 spriggan defenders (Depths:4)
  2 reapers (Crypt:3)
  A draconian annihilator (Zot:1)
  9 war gargoyles
  5 deep elf elementalists
  21 stone giants
  36 very ugly things
  4 deep elf demonologists (Elf:3)
  2 green draconians
  2 vampire knights
  7 black draconians
  5 deep elf annihilators
  2 white draconians
  A minotaur (Gauntlet)
  7 yellow draconians
  10 purple draconians
  8 red draconians
  3 spark wasps (Depths:4)
  A minotaur (shapeshifter) (Depths:3)
  12 eidola
  12 deep elf death magi
  19 ettins
  13 crystal guardians
  Josephine (Orc:1)
  A quicksilver dragon zombie (Crypt:3)
  7 great orbs of eyes
  3 merfolk javelineers
  A mummy priest (Crypt:3)
  20 yaktaur captains
  2 deep elf high priests (Elf:3)
  16 naga warriors
  5 hydras
  3 spriggan air magi
  Harold (D:10)
  10 fire dragons
  7 merfolk impalers
  8 ice dragons
  30 vault guards
  7 rakshasas
  34 two-headed ogres
  10 centaur warriors
  4 satyrs
  A merfolk avatar (Shoals:4)
  6 anacondas
  11 deep troll shamans
  46 dancing weapons
  4 death knights
  A queen ant (Lair:2)
  10 ogre magi
  4 vampire magi
  4 deep troll earth magi
  2 death yaks (IceCv)
  2 orc high priests (Orc:1)
  4 spriggan berserkers
  4 soul eaters
  14 naga sharpshooters
  8 tengu warriors
  22 deep elf knights
  A thrashing horror (Abyss:1)
  7 shock serpents
  8 hell knights
  4 iron trolls
  2 sun demons (Depths:2)
  11 skeletal warriors
  A fire crab (shapeshifter) (Depths:3)
  A golden dragon zombie (Depths:1)
  2 shadow wraiths
  A sixfirhy (Gauntlet)
  5 salamander mystics
  A storm dragon skeleton (Crypt:3)
  13 sea snakes
  2 unseen horrors
  A glowing orange brain (shapeshifter) (Depths:3)
  11 naga ritualists
  An unseen horror (shapeshifter) (Depths:5)
  4 glowing orange brains
  4 wizards
  5 flayed ghosts
  An iron troll (shapeshifter) (Depths:3)
  A ghost moth zombie (Crypt:3)
  20 deep elf archers
  28 deep trolls
  3 obsidian statues (Depths:3)
  10 phantasmal warriors
  2 iron dragon zombies (Crypt:2)
  A shadow dragon zombie (Crypt:3)
  32 harpies
  A harpy (shapeshifter) (D:15)
  3 frost giant zombies (Crypt:3)
  14 orc knights
  18 manticores
  16 necromancers
  2 stone giant zombies
  6 mana vipers
  16 ironbrand convokers
  A sphinx skeleton (Depths:2)
  55 ugly things
  A fire giant zombie (Abyss:1)
  7 wolf spiders
  14 cyclopes
  7 orc sorcerers
  67 deep elf magi
  2 shadow dragon skeletons (Crypt:3)
  An orb spider (shapeshifter) (Vaults:5)
  A cyclops (shapeshifter) (Elf:1)
  7 moths of wrath
  21 fauns
  An iron dragon skeleton (Depths:1)
  13 salamanders
  3 centaur zombies
  A black mamba (shapeshifter) (Vaults:4)
  A moth of wrath (shapeshifter) (Depths:2)
  A stone giant skeleton (Depths:1)
  A spriggan zombie (Depths:2)
  13 naga magi
  11 guardian serpents
  A frost giant skeleton (Crypt:3)
  10 elephants
  2 water nymphs
  10 merfolk sirens
  A torpor snail (Gauntlet)
  34 black mambas
  A guardian serpent (shapeshifter) (Depths:4)
  4 molten gargoyles (Depths:3)
  4 gargoyles
  A catoblepas zombie (Crypt:3)
  16 vault sentinels
  4 orange demons (D:12)
  A storm dragon simulacrum (Vaults:2)
  7 spiny frogs
  A spiny frog (shapeshifter) (Vaults:1)
  An elephant slug zombie (Crypt:1)
  4 komodo dragons
  A dire elephant skeleton (Crypt:3)
  2 hellions (Zot:2)
  12 freezing wraiths
  2 komodo dragons (shapeshifter)
  A yellow draconian zombie (Crypt:1)
  A kobold demonologist (D:13)
  A black draconian skeleton (Crypt:1)
  48 yaktaurs
  13 hellwings (Crypt:3)
  25 merfolk
  A demonic crawler (Abyss:1)
  An entropy weaver simulacrum (Vaults:3)
  3 efreet (Zot:2)
  A yaktaur skeleton (Depths:1)
  6 trolls
  3 meliai (D:15)
  2 hydra zombies (Crypt:3)
  6 wind drakes
  A merfolk (shapeshifter) (Vaults:5)
  4 tengu conjurers
  2 guardian mummies (Crypt:3)
  2 polar bears (shapeshifter)
  2 queen bees (shapeshifter)
  18 polar bears
  Prince Ribbit (D:7)
  6 hornets
  3 slime creatures (shapeshifter)
  An ettin zombie (Crypt:3)
  6 blink frogs
  10 dream sheep
  2 hippogriffs (shapeshifter)
  30 slime creatures
  A fire dragon zombie (Crypt:3)
  A bog body (Crypt:1)
  A meliai zombie (Crypt:2)
  3 raiju (Depths:3)
  3 snapping turtles
  4 shadows
  8 hippogriffs
  2 flying skulls (Crypt:2)
  A satyr skeleton (Crypt:2)
  A black mamba zombie (Crypt:1)
  9 air elementals
  5 spriggans
  36 yaks
  An ice dragon skeleton (Crypt:3)
  A ynoxinul (Abyss:1)
  2 alligator skeletons
  12 water elementals
  20 wraiths
  A vampire (D:15)
  A hungry ghost (D:14)
  2 hogs (shapeshifter) (Vaults:5)
  2 basilisks (Lair:1)
  A chaos spawn (Abyss:1)
  12 vampire mosquitoes
  A steam dragon (D:13)
  3 wyverns
  2 neqoxecs (Abyss:1)
  5 fire elementals
  Menkaure (D:7)
  A yaktaur simulacrum (Vaults:2)
  4 wargs
  An insubstantial wisp (Abyss:1)
  4 large abominations (Abyss:1)
  5 water moccasins
  3 acid dragons
  60 nagas
  A water moccasin (shapeshifter) (Vaults:3)
  A spiny frog zombie (Crypt:3)
  8 soldier ants (Lair:2)
  An infernal demonspawn skeleton (Crypt:1)
  37 orc warriors
  6 porcupines
  13 ice beasts
  Duvessa (D:5)
  2 eyes of draining
  4 black bears
  2 necrophages (Crypt:1)
  3 phantoms
  An eye of draining (shapeshifter) (Vaults:2)
  7 sky beasts
  An ogre (shapeshifter) (Depths:2)
  A snapping turtle zombie (Crypt:3)
  35 ogres
  A manticore skeleton (Crypt:3)
  12 boggarts
  A centaur (shapeshifter) (Depths:2)
  13 wolves (IceCv)
  22 centaurs
  A big kobold (D:13)
  6 crocodiles
  Blork the orc (D:11)
  3 small abominations
  A gnoll sergeant (D:10)
  A wyvern zombie (Crypt:2)
  13 bullfrogs
  Dowan (D:5)
  An elf simulacrum (Vaults:1)
  9 earth elementals
  10 wyvern skeletons
  A water moccasin skeleton (Crypt:2)
  A tengu zombie (Depths:2)
  10 scorpions
  3 killer bees (D:12)
  9 wights
  7 howler monkeys
  6 electric eels
  9 crimson imps
  5 hounds
  A quasit (D:8)
  11 jellies
  23 orc priests
  A human zombie (Ossuary)
  6 centaur skeletons
  35 orc wizards
  2 bullfrog skeletons
  2 iguanas
  20 worker ants
  An ogre skeleton (Crypt:2)
  A hound skeleton (D:9)
  4 mummies
  2 howler monkey zombies
  A worker ant zombie (D:10)
  6 gnolls
  A swamp drake zombie (Crypt:1)
  17 adders
  2 howler monkey skeletons
  5 ufetubi
  3 oozes
  2 adder skeletons
  A worm (D:2)
  A ball lightning (Depths:3)
  4 dart slugs
  6 leopard geckos
  103 orcs
  3 bats
  A bat skeleton (Crypt:1)
  6 giant cockroaches
  5 goblins
  6 hobgoblins
  13 jackals
  9 kobolds
  4 quokkas
  A ball python (D:1)
  2 frilled lizards
  2 goblin zombies (Ossuary)
  A hobgoblin skeleton (Crypt:1)
  A hobgoblin zombie (Ossuary)
  A jackal skeleton (D:8)
  2 kobold zombies (Ossuary)
  A leopard gecko skeleton (D:5)
  An orc skeleton (Crypt:2)
  An orc zombie (Ossuary)
  A quokka skeleton (Crypt:2)
  13 rats
  A river rat skeleton (Crypt:1)
  3 crawling corpses (Elf:3)
  A starspawn tentacle (Abyss:1)
  8 tentacles (Shoals:1)
  A withered plant (Crypt:3)
2325 creatures vanquished.

Vanquished Creatures (collateral kills)
  An ancient lich (Crypt:3)
  2 golden dragons
  2 tentacled monstrosities
  A sphinx (Vaults:5)
  2 death cobs (Zot:2)
  A tengu reaver (Vaults:5)
  A storm dragon (Zot:2)
  2 draconian monks (Zot:1)
  2 frost giants (Depths:2)
  3 draconian shifters
  2 draconian scorchers
  A reaper (Crypt:3)
  4 draconian annihilators
  4 very ugly things
  A white draconian (Zot:2)
  2 yellow draconians (Zot:2)
  5 red draconians
  An ettin (Depths:4)
  2 eidola
  A rakshasa (Depths:2)
  A vault guard (Vaults:5)
  A two-headed ogre (Depths:4)
  A death yak (shapeshifter) (Depths:3)
  An ogre mage (Depths:4)
  A tengu warrior (Depths:2)
  3 hell knights
  A spriggan berserker (Depths:4)
  A storm dragon zombie (Crypt:3)
  A spriggan (Depths:4)
  3 deep trolls (Depths:2)
  2 phantasmal warriors
  An ugly thing (Depths:2)
  An orc knight (Vaults:5)
  A moth of wrath (Zot:2)
  A storm dragon simulacrum (Depths:2)
  A freezing wraith (Crypt:3)
  A tengu conjurer (Depths:4)
  A hornet (Depths:4)
  An ice dragon skeleton (Crypt:2)
  An air elemental (Depths:3)
  3 earth elementals (Depths:3)
68 creatures vanquished.

Vanquished Creatures (others)
  A draconian shifter (Zot:2)
  A deep elf elementalist (Elf:2)
  2 dancing weapons (Depths:3)
  A deep elf knight (Elf:2)
  A deep elf mage (Elf:2)
  A black mamba (Snake:4)
  A vault sentinel (Vaults:5)
  A spiny frog (Lair:5)
  3 yaktaurs
  4 polar bears (IceCv)
  A dream sheep (Shoals:4)
  A flying skull (Crypt:2)
  3 water elementals (Depths:3)
  An air elemental (Depths:3)
  A human (shapeshifter) (Depths:3)
  2 humans (Shoals:1)
  A fire elemental (Depths:3)
  2 insubstantial wisps (Depths:3)
  An orc warrior (Vaults:3)
  2 ogres (Vaults:3)
  A centaur (Depths:2)
  A wolf (IceCv)
  An orc wizard (Vaults:5)
  11 ball lightnings (Depths:3)
  2 orcs
  10 fungi
  21 plants
  59 spectral weapons
  4 starspawn tentacles (Abyss:1)
  28 tentacles (Shoals:1)
  6 withered plants (Crypt:3)
175 creatures vanquished.

Grand Total: 2568 creatures vanquished

Notes
Turn   | Place    | Note
-------+----------+-------------------------------------------
     0 | D:1      | MisterFreud the Gnoll Fighter began the quest for the Orb.
     0 | D:1      | Reached XP level 1. HP: 23/23 MP: 1/1
    69 | D:1      | Reached XP level 2. HP: 29/29 MP: 2/2
   219 | D:1      | Reached XP level 3. HP: 35/35 MP: 3/3
   750 | D:2      | Reached skill level 1 in Invocations
   805 | D:2      | Reached skill level 1 in Long Blades
   805 | D:2      | Reached skill level 1 in Axes
   805 | D:2      | Reached skill level 1 in Maces & Flails
   805 | D:2      | Reached skill level 1 in Polearms
   805 | D:2      | Reached skill level 1 in Staves
   805 | D:2      | Reached skill level 1 in Slings
   805 | D:2      | Reached skill level 1 in Bows
   805 | D:2      | Reached skill level 1 in Crossbows
   805 | D:2      | Reached skill level 1 in Throwing
   805 | D:2      | Reached skill level 1 in Dodging
   805 | D:2      | Reached skill level 1 in Stealth
   805 | D:2      | Reached skill level 1 in Unarmed Combat
   805 | D:2      | Reached skill level 1 in Spellcasting
   805 | D:2      | Reached skill level 1 in Evocations
   880 | D:2      | Reached XP level 4. HP: 33/41 MP: 5/5
  1124 | D:2      | Reached skill level 1 in Conjurations
  1124 | D:2      | Reached skill level 1 in Hexes
  1124 | D:2      | Reached skill level 1 in Charms
  1124 | D:2      | Reached skill level 1 in Summonings
  1124 | D:2      | Reached skill level 1 in Necromancy
  1124 | D:2      | Reached skill level 1 in Translocations
  1124 | D:2      | Reached skill level 1 in Transmutations
  1124 | D:2      | Reached skill level 1 in Fire Magic
  1124 | D:2      | Reached skill level 1 in Ice Magic
  1124 | D:2      | Reached skill level 1 in Air Magic
  1124 | D:2      | Reached skill level 1 in Earth Magic
  1124 | D:2      | Reached skill level 1 in Poison Magic
  1408 | D:3      | Reached XP level 5. HP: 44/47 MP: 6/6
  2085 | D:4      | Found Vithoam's Antique Weapon Shop.
  2090 | D:4      | Bought a fine long sword for 161 gold pieces
  2090 | D:4      | Identified the +10 long sword of Royalism {slice, rC+} (You
                  | bought it in a shop on level 4 of the Dungeon)
  2382 | D:5      | Entered Level 5 of the Dungeon
  2395 | D:4      | Reached XP level 6. HP: 46/53 MP: 8/8
  2450 | D:5      | Reached skill level 5 in Short Blades
  2459 | D:5      | Reached skill level 2 in Throwing
  2487 | D:5      | Noticed a sky beast
  2493 | D:5      | Noticed Dowan
  2494 | D:5      | Reached XP level 7. HP: 34/59 MP: 10/10
  2498 | D:5      | Noticed Duvessa
  2521 | D:5      | Killed Duvessa
  3037 | D:5      | Reached XP level 8. HP: 54/67 MP: 12/12
  3264 | D:5      | Killed Dowan
  3553 | D:6      | Reached skill level 3 in Throwing
  3663 | D:6      | Found a staircase to the Ecumenical Temple.
  3674 | Temple   | Entered the Ecumenical Temple
  3925 | Temple   | Became a worshipper of Ashenzari the Shackled
  3970 | D:6      | Got the uncursed chain mail of Distant Worlds {rPois rN+
                  | Str+3 Dex-4}
  3981 | D:6      | Identified the +6 chain mail of Distant Worlds {rPois rN+
                  | Str+3 Dex-4} (You found it on level 6 of the Dungeon)
  4028 | D:7      | Noticed Prince Ribbit
  4039 | D:7      | Found a sand-covered staircase.
  4050 | Ossuary  | Entered an ossuary
  4050 | Ossuary  | Noticed a wraith
  4050 | Ossuary  | Noticed a wraith
  4050 | Ossuary  | Noticed a wraith
  4290 | Ossuary  | Noticed a wraith
  4297 | Ossuary  | Killed a wraith
  4478 | D:7      | Killed Prince Ribbit
  4520 | D:7      | Reached XP level 9. HP: 72/72 MP: 14/14
  4586 | D:7      | Found an ancient bone altar of Kikubaaqudgha.
  4657 | D:7      | Noticed Menkaure
  4663 | D:7      | Killed Menkaure
  4663 | D:7      | Reached skill level 4 in Throwing
  4687 | D:7      | Found Kuremn's Magic Scroll Boutique.
  4690 | D:7      | Bought a scroll of remove curse for 36 gold pieces
  4690 | D:7      | Bought a scroll of remove curse for 36 gold pieces
  4690 | D:7      | Bought a scroll of remove curse for 36 gold pieces
  4690 | D:7      | Bought a scroll of remove curse for 36 gold pieces
  4690 | D:7      | Bought a scroll of magic mapping for 42 gold pieces
  5087 | D:7      | Reached * piety under Ashenzari
  5509 | D:8      | Noticed a two-headed ogre
  5561 | D:8      | Killed a two-headed ogre
  5561 | D:8      | Reached skill level 5 in Invocations
  5561 | D:8      | Reached XP level 10. HP: 60/80 MP: 15/17
  5773 | D:8      | Found a radiant altar of Vehumet.
  5844 | D:8      | Reached skill level 5 in Long Blades
  5844 | D:8      | Reached skill level 5 in Axes
  5844 | D:8      | Reached skill level 5 in Maces & Flails
  5844 | D:8      | Reached skill level 5 in Polearms
  5844 | D:8      | Reached skill level 5 in Staves
  5844 | D:8      | Reached skill level 5 in Slings
  5844 | D:8      | Reached skill level 5 in Bows
  5844 | D:8      | Reached skill level 5 in Crossbows
  5844 | D:8      | Reached skill level 5 in Throwing
  5844 | D:8      | Reached skill level 5 in Dodging
  5844 | D:8      | Reached skill level 5 in Stealth
  5844 | D:8      | Reached skill level 5 in Unarmed Combat
  5844 | D:8      | Reached skill level 5 in Spellcasting
  5844 | D:8      | Reached skill level 5 in Evocations
  5981 | D:9      | Reached ** piety under Ashenzari
  6567 | D:9      | Reached *** piety under Ashenzari
  6752 | D:9      | Found a staircase to the Lair.
  6815 | D:10     | Entered Level 10 of the Dungeon
  6815 | D:10     | Noticed Harold
  7240 | D:10     | Killed Harold
  7240 | D:10     | Reached XP level 11. HP: 49/87 MP: 19/19
  7572 | D:10     | Noticed an unseen horror
  7579 | D:10     | Killed an unseen horror
  7669 | D:10     | Reached **** piety under Ashenzari
  7819 | D:10     | Reached skill level 6 in Throwing
  7997 | D:10     | Reached skill level 5 in Conjurations
  7997 | D:10     | Reached skill level 5 in Hexes
  7997 | D:10     | Reached skill level 5 in Charms
  7997 | D:10     | Reached skill level 5 in Summonings
  7997 | D:10     | Reached skill level 5 in Necromancy
  7997 | D:10     | Reached skill level 5 in Translocations
  7997 | D:10     | Reached skill level 5 in Transmutations
  7997 | D:10     | Reached skill level 5 in Fire Magic
  7997 | D:10     | Reached skill level 5 in Ice Magic
  7997 | D:10     | Reached skill level 5 in Air Magic
  7997 | D:10     | Reached skill level 5 in Earth Magic
  7997 | D:10     | Reached skill level 5 in Poison Magic
  8065 | Lair:1   | Entered Level 1 of the Lair of Beasts
  8419 | Lair:1   | Noticed a five-headed hydra
  8434 | Lair:1   | Killed a 12-headed hydra
  8859 | Lair:1   | Reached ***** piety under Ashenzari
  9096 | Lair:2   | Noticed a queen ant
  9109 | Lair:2   | Killed a queen ant
  9163 | Lair:2   | Reached XP level 12. HP: 80/96 MP: 22/22
  9621 | Lair:2   | Identified the ring "Geful" {Fire Str+3 Int+5 SInv}
 10163 | Lair:3   | Found a runed translucent gate.
 10165 | Lair:3   | Found a runed translucent gate.
 10166 | Lair:3   | Found a runed translucent gate.
 10192 | Lair:3   | Reached skill level 7 in Throwing
 10314 | Lair:3   | Noticed Naannir's ghost (journeyman SpAs)
 10336 | Lair:3   | Noticed an eight-headed hydra
 10361 | Lair:3   | Killed a 16-headed hydra
 10504 | Lair:3   | Found a viscous altar of Jiyva.
 10524 | Lair:4   | Found a staircase to the Snake Pit.
 10748 | Lair:4   | Reached ****** piety under Ashenzari
 10768 | Lair:4   | Noticed a six-headed hydra
 11110 | D:11     | Learned a level 3 spell: Spectral Weapon
 11114 | D:11     | Learned a level 3 spell: Regeneration
 11465 | D:11     | Noticed a two-headed ogre
 11474 | D:11     | Killed a two-headed ogre
 11480 | D:11     | Found Gurisor's Antique Armour Emporium.
 11529 | D:11     | Noticed Blork the orc
 11555 | D:11     | Killed Blork the orc
 11566 | D:11     | Found a shimmering blue altar of Sif Muna.
 11750 | D:12     | Identified the ring "Oqurrah" {rPois rF+ Dex+2}
 11864 | D:12     | Reached skill level 10 in Fighting
 11864 | D:12     | Reached skill level 10 in Armour
 11864 | D:12     | Reached skill level 10 in Shields
 11873 | D:12     | Found a frozen archway.
 11901 | IceCv    | Entered an ice cave
 12356 | IceCv    | Identified the +6 short sword "Gufan" {freeze, +Fly Int+2
                  | Stlth+}
 12413 | IceCv    | Reached XP level 13. HP: 44/103 MP: 21/24
 13059 | IceCv    | Reached skill level 8 in Throwing
 13081 | IceCv    | Noticed a frost giant
 13942 | IceCv    | Killed a frost giant
 14222 | D:12     | Found Leeqiem's Weapon Boutique.
 14376 | D:12     | Found a staircase to the Orcish Mines.
 14934 | D:12     | Noticed Rupert
 15183 | Orc:1    | Entered Level 1 of the Orcish Mines
 15183 | Orc:1    | Noticed an ettin
 15192 | Orc:1    | Killed an ettin
 16041 | Orc:2    | Entered Level 2 of the Orcish Mines
 16313 | Orc:2    | Found a staircase to the Elven Halls.
 16314 | Orc:2    | Noticed Donald
 16383 | Orc:2    | Noticed Josephine
 16661 | D:12     | Learned a level 4 spell: Sticky Flame
 17074 | D:12     | Killed Rupert
 17074 | D:12     | Reached XP level 14. HP: 108/111 MP: 18/26
 17302 | D:13     | Reached skill level 10 in Short Blades
 17349 | D:13     | Found a gate to the Vaults.
 17596 | D:13     | Reached skill level 9 in Throwing
 18180 | D:14     | Found a gate leading to a gauntlet.
 18216 | D:14     | Reached skill level 10 in Invocations
 18271 | Gauntlet | Entered a Gauntlet
 18271 | Gauntlet | Found a transporter.
 18271 | Gauntlet | Found a transporter.
 18271 | Gauntlet | Found a transporter.
 18283 | Gauntlet | Found a transporter.
 18286 | Gauntlet | Found a transporter.
 18294 | Gauntlet | Found a transporter.
 18300 | Gauntlet | Found a transporter.
 18307 | Gauntlet | Found a transporter.
 18308 | Gauntlet | Identified the ring "Ytihamm" {rElec rPois MR+ Dex+4}
 18325 | Gauntlet | Identified the cursed +0 hat of Moezite {rC++ Int+4 SInv}
 18326 | Gauntlet | Found a transporter.
 18346 | Gauntlet | Found a transporter.
 18349 | Gauntlet | Found a transporter.
 18359 | Gauntlet | Found a transporter.
 20116 | D:14     | Noticed a brown very ugly thing
 20125 | D:14     | Killed a brown very ugly thing
 20125 | D:14     | Reached XP level 15. HP: 92/119 MP: 25/28
 20622 | D:15     | Entered Level 15 of the Dungeon
 20945 | D:15     | Reached skill level 10 in Throwing
 21464 | D:15     | Identified Koicit's Incunabulum of the Mutagenic Rocks
 21713 | D:15     | Found a staircase to the Depths.
 21787 | D:15     | Reached skill level 10 in Long Blades
 21787 | D:15     | Reached skill level 10 in Axes
 21787 | D:15     | Reached skill level 10 in Maces & Flails
 21787 | D:15     | Reached skill level 10 in Polearms
 21787 | D:15     | Reached skill level 10 in Staves
 21787 | D:15     | Reached skill level 10 in Slings
 21787 | D:15     | Reached skill level 10 in Bows
 21787 | D:15     | Reached skill level 10 in Crossbows
 21787 | D:15     | Reached skill level 10 in Dodging
 21787 | D:15     | Reached skill level 10 in Stealth
 21787 | D:15     | Reached skill level 10 in Unarmed Combat
 21787 | D:15     | Reached skill level 10 in Spellcasting
 21787 | D:15     | Reached skill level 10 in Evocations
 22338 | Orc:1    | Killed Josephine
 22666 | Orc:2    | Noticed Saint Roka
 23036 | Orc:2    | Killed Saint Roka
 23559 | Orc:2    | Killed Donald
 23559 | Orc:2    | Reached skill level 11 in Throwing
 24188 | Orc:2    | Found a roughly hewn altar of Beogh.
 24375 | Orc:2    | Found Ziuf's Antique Weapon Boutique.
 24412 | Orc:2    | Found Piuseix's Jewellery Boutique.
 24466 | Orc:2    | Found Sish's Antique Armour Boutique.
 24482 | Orc:2    | Found Ammilaew's General Store.
 24489 | Orc:2    | Bought a scroll of fear for 38 gold pieces
 24489 | Orc:2    | Bought a scroll of teleportation for 33 gold pieces
 25091 | Lair:4   | Reached XP level 16. HP: 127/127 MP: 28/30
 25131 | Lair:4   | Found a staircase to the Shoals.
 25368 | Lair:5   | Found a staircase to the Slime Pits.
 26254 | Snake:1  | Entered Level 1 of the Snake Pit
 26732 | Snake:1  | Noticed Aizul
 26750 | Snake:1  | Killed Aizul
 27363 | Orc:2    | Bought dazzling swamp dragon scales for 1650 gold pieces
 27363 | Orc:2    | Identified the +2 swamp dragon scales of the Yeti {rElec
                  | rPois Int+4 Dex+4} (You bought it in a shop on level 2 of
                  | the Orcish Mines)
 27399 | Orc:2    | Learned a level 5 spell: Lee's Rapid Deconstruction
 27405 | Orc:2    | Learned a level 5 spell: Bolt of Magma
 27647 | Shoals:1 | Entered Level 1 of the Shoals
 27784 | Shoals:1 | Noticed Kirke
 28058 | Lair:4   | Killed Kirke
 28390 | Shoals:1 | Reached skill level 12 in Throwing
 28966 | Shoals:1 | Found a shimmering altar of Xom.
 28971 | Shoals:1 | Noticed a kraken
 28996 | Shoals:1 | Killed a kraken
 29305 | Shoals:1 | Noticed a kraken
 29354 | Shoals:1 | Killed a kraken
 29526 | Shoals:2 | Reached XP level 17. HP: 129/135 MP: 24/32
 29767 | Shoals:2 | Found Hauppi's Humungous Hoard.
 30299 | Shoals:3 | Found a hide-covered altar of Uskayaw.
 30673 | Shoals:3 | Found Plog's Gadget Emporium.
 30934 | Shoals:4 | Entered Level 4 of the Shoals
 30962 | Shoals:4 | Identified Roxanne's Collected Works on Stones
 30962 | Shoals:4 | Noticed Roxanne
 31003 | Shoals:4 | Killed Roxanne
 31022 | Shoals:4 | Reached skill level 13 in Throwing
 31258 | Shoals:3 | Learned a level 6 spell: Statue Form
 31525 | Shoals:4 | Identified the +9 war axe of the World {antimagic, MR++}
 32092 | Shoals:4 | Got a barnacled rune of Zot
 32592 | Lair:4   | Reached skill level 10 in Conjurations
 32592 | Lair:4   | Reached skill level 10 in Hexes
 32592 | Lair:4   | Reached skill level 10 in Charms
 32592 | Lair:4   | Reached skill level 10 in Summonings
 32592 | Lair:4   | Reached skill level 10 in Necromancy
 32592 | Lair:4   | Reached skill level 10 in Translocations
 32592 | Lair:4   | Reached skill level 10 in Transmutations
 32592 | Lair:4   | Reached skill level 10 in Fire Magic
 32592 | Lair:4   | Reached skill level 10 in Ice Magic
 32592 | Lair:4   | Reached skill level 10 in Air Magic
 32592 | Lair:4   | Reached skill level 10 in Earth Magic
 32592 | Lair:4   | Reached skill level 10 in Poison Magic
 32634 | Snake:1  | Noticed Frances
 32834 | Lair:4   | Upgraded the game from 0.25-a0-258-g6d7e32a812 to
                  | 0.25-a0-265-g7af84ae0ac
 32889 | Snake:1  | Killed Frances
 32889 | Snake:1  | Reached XP level 18. HP: 143/143 MP: 18/33
 33139 | Snake:1  | Found a runed translucent gate.
 33140 | Snake:1  | Found a runed translucent gate.
 33140 | Snake:1  | Found a runed translucent gate.
 33141 | Snake:1  | Noticed Arran's ghost (adept DgTm)
 33706 | Snake:2  | Noticed Vashnia
 33730 | Snake:2  | Killed Vashnia
 33890 | Snake:2  | Identified a scroll of acquirement
 33895 | Snake:2  | Identified the Disquisition on Conjuration (You acquired it
                  | on level 2 of the Snake Pit)
 34183 | Snake:3  | Identified the +1 scale mail of Ashenzari's Pride {rF+
                  | Int+3}
 34227 | Snake:3  | Reached skill level 14 in Throwing
 34572 | Snake:3  | Found a blossoming altar of Fedhas.
 34652 | Snake:4  | Entered Level 4 of the Snake Pit
 34829 | Snake:4  | Noticed Agnes
 34838 | Snake:4  | Killed Agnes
 34851 | Snake:4  | Cast into level 1 of the Abyss (salamander)
 34906 | Abyss:1  | Gained mutation: Armour fits poorly on your strangely
                  | shaped body. [a neqoxec]
 35024 | Abyss:1  | Noticed a bone dragon
 35037 | Abyss:1  | Killed a bone dragon
 35261 | Snake:4  | Escaped the Abyss
 35425 | Snake:4  | Reached XP level 19. HP: 151/151 MP: 35/35
 36278 | Snake:4  | Got a serpentine rune of Zot
 36299 | Snake:4  | Reached skill level 15 in Throwing
 36922 | Vaults:1 | Entered Level 1 of the Vaults
 38408 | Vaults:2 | Reached XP level 20. HP: 159/159 MP: 30/36
 39220 | Vaults:2 | Found a white marble altar of Elyvilon.
 39439 | Vaults:3 | Identified the ring of Taynyvyg {Ice rPois Dex-2 Slay+2}
 39693 | Vaults:3 | Reached skill level 16 in Throwing
 40428 | Vaults:3 | Reached XP level 21. HP: 166/166 MP: 32/38
 40829 | Vaults:3 | Found Akie's Distillery.
 40835 | Vaults:3 | Bought a potion of heal wounds for 80 gold pieces
 40835 | Vaults:3 | Bought a potion of might for 64 gold pieces
 40835 | Vaults:3 | Bought a potion of resistance for 160 gold pieces
 40835 | Vaults:3 | Bought a potion of might for 64 gold pieces
 40835 | Vaults:3 | Bought 2 potions of cancellation for 256 gold pieces
 40901 | Vaults:3 | Found a staircase to the Crypt.
 41940 | Vaults:4 | Reached skill level 15 in Fighting
 41940 | Vaults:4 | Reached skill level 15 in Armour
 41940 | Vaults:4 | Reached skill level 15 in Shields
 41968 | Vaults:4 | Noticed Sojobo
 42424 | Vaults:4 | Killed Sojobo
 42545 | Vaults:4 | Reached skill level 15 in Invocations
 42556 | Vaults:4 | Reached skill level 17 in Throwing
 42903 | Elf:1    | Entered Level 1 of the Elven Halls
 44140 | Elf:2    | Reached XP level 22. HP: 175/175 MP: 35/40
 44153 | Elf:2    | Found a runed translucent gate.
 44153 | Elf:2    | Found a runed translucent gate.
 44154 | Elf:2    | Found a runed translucent gate.
 44921 | Elf:3    | Entered Level 3 of the Elven Halls
 45706 | Elf:3    | Noticed Louise
 45714 | Elf:3    | Killed Louise
 45808 | Elf:3    | Reached skill level 15 in Short Blades
 45809 | Elf:3    | Identified the ring "Doirol" {rElec rN+ Int+4 Dex+2}
 46236 | Elf:3    | Identified the ring of the Ant {rCorr Str+4}
 46268 | Elf:3    | Identified the Grimoire of Shifting Conjuration
 46464 | Elf:3    | Identified the ring of the Priest {Int+7 Dex+2}
 46551 | Elf:3    | Reached skill level 18 in Throwing
 46586 | Elf:3    | Learned a level 7 spell: Spellforged Servitor
 46593 | Elf:3    | Learned a level 6 spell: Iron Shot
 46821 | Depths:1 | Entered Level 1 of the Depths
 46981 | Depths:1 | Noticed a golden dragon
 46996 | Depths:1 | Killed a golden dragon
 46996 | Depths:1 | Reached XP level 23. HP: 77/183 MP: 39/41
 47285 | Depths:1 | Noticed a juggernaut
 47307 | Depths:1 | Killed a juggernaut
 47363 | Depths:1 | Identified the cursed +2 arbalest "Leviticus" {velocity,
                  | *Corrode rN+ Dex+3 SInv}
 47626 | Depths:1 | Found a one-way gate to the infinite horrors of the Abyss.
 47918 | Depths:1 | Found a gateway to Hell.
 48019 | Depths:1 | Identified the Volume of Entrancing Unholy Arts (You
                  | acquired it on level 1 of the Depths)
 48043 | Depths:1 | Found a runed translucent door.
 48044 | Depths:1 | Found a shimmering altar of Xom.
 48044 | Depths:1 | Noticed Nico3ck's ghost (adept DsGl)
 48585 | Depths:2 | Reached skill level 15 in Long Blades
 48585 | Depths:2 | Reached skill level 15 in Axes
 48585 | Depths:2 | Reached skill level 15 in Maces & Flails
 48585 | Depths:2 | Reached skill level 15 in Polearms
 48585 | Depths:2 | Reached skill level 15 in Staves
 48585 | Depths:2 | Reached skill level 15 in Slings
 48585 | Depths:2 | Reached skill level 15 in Bows
 48585 | Depths:2 | Reached skill level 15 in Crossbows
 48585 | Depths:2 | Reached skill level 15 in Dodging
 48585 | Depths:2 | Reached skill level 15 in Stealth
 48585 | Depths:2 | Reached skill level 15 in Unarmed Combat
 48585 | Depths:2 | Reached skill level 15 in Spellcasting
 48585 | Depths:2 | Reached skill level 15 in Evocations
 49105 | Depths:2 | Found a radiant altar of Vehumet.
 49318 | Depths:2 | Reached XP level 24. HP: 147/191 MP: 38/42
 49351 | Depths:2 | Reached skill level 19 in Throwing
 49849 | Depths:2 | Found a portal to a secret trove of treasure.
 50585 | Depths:3 | Found the +6 Majin-Bo {vamp, Archmagi MP+6 Int+6}
 50792 | Depths:3 | Found a gateway to a ziggurat.
 50954 | Depths:3 | Found a one-way gate leading to the halls of Pandemonium.
 51699 | Depths:4 | Identified the +5 scale mail of the Armoured One {+Fly
                  | rPois rF+ rCorr}
 52153 | Depths:4 | Found an iron altar of Okawaru.
 52629 | Depths:4 | Reached XP level 25. HP: 200/200 MP: 42/42
 52683 | Depths:5 | Entered Level 5 of the Depths
 52706 | Depths:5 | Identified the +8 trident of Perfectionism {holy, *Drain
                  | MR++ Int+3}
 52880 | Depths:5 | Found a gate to the Realm of Zot.
 53534 | Depths:5 | Found Heyfynoq's Assorted Antiques.
 53557 | Depths:5 | Found a radiant altar of Vehumet.
 53688 | Depths:5 | Found Allaz's Gadget Emporium.
 53690 | Depths:5 | Found Suuc Jeavae's Jewellery Boutique.
 53691 | Depths:5 | Found Kaonloinn's Gadget Emporium.
 54058 | Vaults:5 | Entered Level 5 of the Vaults
 54058 | Vaults:5 | Noticed Mennas
 54112 | Vaults:5 | Reached skill level 20 in Throwing
 54173 | Vaults:5 | Reached skill level 15 in Transmutations
 54544 | Vaults:5 | Identified the +8 hunting sling of Popular Demand {flame,
                  | *Slow +Fly rPois Int+5}
 55082 | Vaults:5 | Identified the cursed +1 robe "Waedoak" {Dex+3}
 55140 | Vaults:5 | Reached XP level 26. HP: 124/208 MP: 43/43
 55333 | Vaults:5 | Identified the +3 pair of gloves of Existentialism {*Drain
                  | MR+ rCorr}
 55342 | Vaults:5 | Identified the +0 pair of boots of Xom's Hatred {rElec rN+}
 55493 | Vaults:5 | Identified the amulet "Seopot" {Acrobat rC+ Dex+3}
 55622 | Vaults:5 | Killed Mennas
 55669 | Vaults:5 | Identified the +7 quarterstaff of Context {flame, rC+
                  | Int+6}
 56089 | Vaults:5 | Identified the Disquisition on Heat and Transmutation
 56092 | Vaults:5 | Got a silver rune of Zot
 56153 | Vaults:5 | Reached skill level 21 in Throwing
 56198 | Vaults:5 | Identified the amulet "Hafum" {*Drain +Rage rF++ rC+ Dex+4}
 56876 | Depths:2 | You paid a toll of +4 shadow dragon scales to enter a
                  | treasure trove
 56877 | Trove    | Entered a treasure trove
 56880 | Trove    | Identified the cursed +8 shortbow "Plog" {freeze, rPois rC-
                  | Str+4 Int-3}
 56880 | Trove    | Identified the cursed +4 eveningstar of Context {freeze,
                  | rC+}
 56880 | Trove    | Identified the +10 hunting sling "Suteg" {flame, rC+}
 56880 | Trove    | Found the cursed +7 lajatang of Order {silver, rMut}
 56881 | Trove    | Identified the +6 demon trident "Mirext" {vamp, rF+ MR+
                  | MP-9}
 57198 | Crypt:1  | Entered Level 1 of the Crypt
 57251 | Crypt:1  | Noticed Margery
 57261 | Crypt:1  | Killed Margery
 59048 | Crypt:3  | Entered Level 3 of the Crypt
 59075 | Crypt:3  | Reached XP level 27. HP: 207/217 MP: 35/43
 59472 | Crypt:3  | Found an ancient bone altar of Kikubaaqudgha.
 59539 | Crypt:3  | Noticed Bai Suzhen
 59562 | Crypt:3  | Killed Bai Suzhen
 59819 | Crypt:3  | Identified the +9 double sword "Fepruazo" {pain, *Drain
                  | Str+4 Dex+4}
 59833 | Crypt:3  | Noticed an ancient lich
 59850 | Crypt:3  | Killed an ancient lich
 59852 | Crypt:3  | Identified the +2 scale mail of the Arcane {rPois}
 60317 | Crypt:3  | Found a staircase to the Tomb.
 60704 | Crypt:3  | Learned a level 5 spell: Aura of Abjuration
 60713 | Crypt:3  | Learned a level 8 spell: Necromutation
 60740 | Crypt:3  | Learned a level 8 spell: Ignition
 60744 | Crypt:3  | Learned a level 3 spell: Lesser Beckoning
 61186 | Zot:1    | Entered Level 1 of the Realm of Zot
 61840 | Zot:1    | Reached skill level 15 in Conjurations
 61840 | Zot:1    | Reached skill level 15 in Hexes
 61840 | Zot:1    | Reached skill level 15 in Charms
 61840 | Zot:1    | Reached skill level 15 in Summonings
 61840 | Zot:1    | Reached skill level 15 in Necromancy
 61840 | Zot:1    | Reached skill level 15 in Translocations
 61840 | Zot:1    | Reached skill level 15 in Fire Magic
 61840 | Zot:1    | Reached skill level 15 in Ice Magic
 61840 | Zot:1    | Reached skill level 15 in Air Magic
 61840 | Zot:1    | Reached skill level 15 in Earth Magic
 61840 | Zot:1    | Reached skill level 15 in Poison Magic
 62785 | Zot:2    | Reached skill level 22 in Throwing
 64577 | Zot:3    | Noticed an orb of fire
 64824 | Zot:3    | Gained mutation: You are frail. (-10% HP) [an orb of fire]
 64824 | Zot:3    | Gained mutation: Your movements are slightly less
                  | encumbered by armour. (ER -2) [an orb of fire]
 64851 | Zot:3    | Killed from afar by an orb of fire

Levels and vault maps discovered:
D:1:      minmay_arrival_radiant_lines, layout_basic, st_stairs_10,
          minmay_pentomino_w2
D:2:      layout_basic, first_ration
D:3:      layout_rooms, corexii_corridor_pit
D:4:      layout_rooms, serial_shops, shop_fountains, st_stairs_1,
          roderic_serpentine_path
D:5:      layout_basic, uniq_duvessa
D:6:      layout_loops_ring, minmay_temple_entry_junction
D:7:      layout_cave_pools, serial_shops, shop, basic_altar, enter_ossuary_5,
          uniq_prince_ribbit1, uniq_menkaure
D:8:      layout_basic, vehumet_statue
D:9:      layout_irregular_city, grunt_lair_entry_orc_guard_hut
D:10:     layout_basic, uniq_harold
D:11:     layout_irregular_city, serial_shops, shop_fountains,
          hangedman_fish_farm, tgw_sif
D:12:     layout_cave_pods, orc_0_dummy, portal_ice_cave_entry_ice_beasts,
          serial_shops, shop, kennysheep_diamond, einodemon_barbed_minivault,
          uniq_rupert
D:13:     layout_loops_ring, david_vaults_5, nrook_loot_triangle
D:14:     layout_layer_cave, gauntlet_entry_generic, minmay_misc_feat_tiny,
          drop_trap, serial_bayou_lake_a
D:15:     grunt_enter_depths_magical_seal, layout_stronghold,
          minmay_misc_feat_rugged
Temple:   nicolae_temple_the_god_donut
Lair:1:   layout_chaotic_city, chequers_serial_rivers_small_a,
          grunt_megastairs_4
Lair:2:   layout_regular_city, minmay_another_anthill
Lair:3:   layout_regular_city, gammafunk_ghost_ooze
Lair:4:   layout_gridlike, elwin_shoals_entry_rocks,
          minmay_snake_entry_guardpost_small, fungi_pond_lemuel
Lair:5:   layout_roguey, nicolae_slime_entry_slimehenge,
          chequers_serial_rivers_room_a
Shoals:1: layout_shoals, wheals_shoals_ruined_temple, uniq_kirke
Shoals:2: layout_shoals, nicolae_alphabet_shops, st_cyclops
Shoals:3: layout_shoals, serial_shops,
          nicolae_shop_temple_entry_statues_fountains, lemuel_centaur_altar
Shoals:4: shoals_end_grunt_garden, layout_shoals, ldierk_geyser, uniq_roxanne
Snake:1:  layout_basic, ebering_ghost_rock_garden, drop_trap, uniq_aizul,
          uniq_frances
Snake:2:  layout_gridlike, nicolae_snake_single_loop, grunt_ministairs_8,
          guppyfry_snake_island, uniq_vashnia
Snake:3:  layout_misc_corridors, basic_altar
Snake:4:  johnstein_snake_rune_scales, layout_chambers, serial_bayou_shore_b,
          serial_bayou_shore_b, uniq_agnes
Orc:1:    layout_caves
Orc:2:    grunt_orc_cross, layout_caves, uniq_josephine, uniq_donald
Elf:1:    layout_geoelf_diagonals, hangedman_elf_disciples, kb_rosetta,
          grunt_megastairs_3
Elf:2:    layout_geoelf_octagon
Elf:3:    grunt_elf_hall_diamonds, layout_geoelf_castle, uniq_louise
Vaults:1: ontoclasm_vaults_hangar, vaults_room_fancy_cross,
          ontoclasm_vaults_ligature, vaults_mumra_chevron,
          hangedman_vaults_nails, hangedman_vaults_nodes,
          nicolae_vaults_little_squares_6, v_misc_8, layout_vaults_omnigrid
Vaults:2: nicolae_vaults_mini_display_case, ontoclasm_vaults_hangar, v_misc_18,
          ontoclasm_vaults_hangar, ontoclasm_vaults_chip,
          vaults_room_glass_cross, ontoclasm_vaults_gateway,
          vaults_room_semicircle, layout_vaults_big_room, basic_altar
Vaults:3: nicolae_vaults_diagonal_hallway_8, minmay_crypt_entry_simple_walls,
          hangedman_vaults_pinch, hangedman_vaults_cutoff,
          nicolae_vaults_network_quincunx
          [nicolae_vaults_network_quincunx_subvault,
          nicolae_vaults_network_quincunx_subvault,
          nicolae_vaults_network_quincunx_subvault,
          nicolae_vaults_network_quincunx_subvault,
          nicolae_vaults_network_quincunx_subvault], ontoclasm_vaults_spin,
          v_pattern_1, v_rooms_5, ontoclasm_vaults_pinch,
          ontoclasm_vaults_misaligned, vaults_room_hallway, vaults_dpeg_ring,
          vaults_room_pools, vaults_mumra_chevron_long,
          nicolae_vaults_circle_grid_a, nicolae_vaults_hallways_thing,
          nicolae_vaults_angled_halls, vaults_room_hangedman_quadrants,
          nicolae_vaults_ring_of_whatevers, layout_vaults_maze, serial_shops,
          shop
Vaults:4: vaults_standard_mumra_x, vaults_dpeg_spiral, st_star,
          vaults_dpeg_doors, nicolae_vaults_network_quinsquares
          [nicolae_vaults_network_quincunx_subvault,
          nicolae_vaults_network_quincunx_subvault,
          nicolae_vaults_network_quincunx_subvault,
          nicolae_vaults_network_quincunx_subvault],
          vaults_room_grunt_arrival_ludios, nicolae_vaults_shelves_hall,
          layout_vaults_ring, uniq_sojobo
Vaults:5: uniq_mennas
Crypt:1:  layout_rooms, serial_sigils, serial_sigils_hangedman_leer,
          serial_sigils_hangedman_scratch, serial_sigils_hangedman_confine,
          serial_sigils_hangedman_gut, serial_sigils_hangedman_gnaw,
          serial_sigils_hangedman_shear, uniq_margery
Crypt:2:  layout_catacombs
Crypt:3:  evilmike_haunted_forest, uniq_bai_suzhen
Depths:1: layout_basic, pf_dread_powers_of_hell, ebering_ghost_xom,
          minmay_misc_feat_five, hangedman_abyss_entry_splay, minivault_14,
          nzn_random_ring
Depths:2: grunt_deathspiral_small, layout_cave_pools, lemuel_round_altar,
          enter_trove_6, abyss_entry, lightli_too_deep
Depths:3: radiant_caverns_b_rkd, hell_entry, pan_entry
Depths:4: minmay_curly_fans, layout_cave_shapes, hangedman_decor_opposing,
          abyss_entry, hell_entry, okawaru_ov_weapons_minmay,
          infiniplex_staircase_zigzag_2, grunt_megastairs_2
Depths:5: grunt_zot_entry_tricorne, layout_small_grid, hell_entry,
          kennysheep_flooded_box, serial_shops, shop, lemuel_nasty_fountain,
          minmay_shop_grove, serial_bayou_shore_b
Zot:1:    layout_gridville
Zot:2:    layout_misc_corridors, grunt_ministairs_4, hangedman_hellfire_club
Zot:3:    layout_onion_interference, grunt_ministairs_11

Skill      XL: |  1  2  3  4  5  6  7  8  9 10 11 12 13 14 15 16 17 18 19 20 21 22 23 24 25 26 27 |
---------------+----------------------------------------------------------------------------------+-----
Invocations    | 1 2 3 4 5 6 7 8 9 10 11 12 13 14 15 16 17 18 19 | 19.0
Long Blades    | 1 2 3 4 5 6 7 8 9 10 11 12 13 14 15 16 17 | 17.7
Axes           | 1 2 3 4 5 6 7 8 9 10 11 12 13 14 15 16 17 | 17.7
Maces & Flails | 1 2 3 4 5 6 7 8 9 10 11 12 13 14 15 16 17 | 17.7
Polearms       | 1 2 3 4 5 6 7 8 9 10 11 12 13 14 15 16 17 | 17.7
Staves         | 1 2 3 4 5 6 7 8 9 10 11 12 13 14 15 16 17 | 17.7
Slings         | 1 2 3 4 5 6 7 8 9 10 11 12 13 14 15 16 17 | 17.7
Bows           | 1 2 3 4 5 6 7 8 9 10 11 12 13 14 15 16 17 | 17.7
Crossbows      | 1 2 3 4 5 6 7 8 9 10 11 12 13 14 15 16 17 | 17.7
Throwing       | 1 2 3 4 5 6 7 8 9 11 12 13 14 15 16 17 18 19 20 21 22 | 22.3
Dodging        | 1 2 3 4 5 6 7 8 9 10 11 12 13 14 15 16 17 | 17.7
Stealth        | 1 2 3 4 5 6 7 8 9 10 11 12 13 14 15 16 17 | 17.7
Unarmed Combat | 1 2 3 4 5 6 7 8 9 10 11 12 13 14 15 16 17 | 17.7
Spellcasting   | 1 2 3 4 5 6 7 8 9 10 11 12 13 14 15 16 17 | 17.7
Evocations     | 1 2 3 4 5 6 7 8 9 10 11 12 13 14 15 16 17 | 17.7
Conjurations   | 1 2 3 4 5 6 7 8 9 10 11 12 13 14 15 | 15.3
Hexes          | 1 2 3 4 5 6 7 8 9 10 11 12 13 14 15 | 15.3
Charms         | 1 2 3 4 5 6 7 8 9 10 11 12 13 14 15 | 15.3
Summonings     | 1 2 3 4 5 6 7 8 9 10 11 12 13 14 15 | 15.3
Necromancy     | 1 2 3 4 5 6 7 8 9 10 11 12 13 14 15 | 15.3
Translocations | 1 2 3 4 5 6 7 8 9 10 11 12 13 14 15 | 15.3
Transmutations | 1 2 3 4 5 6 7 8 9 10 11 12 13 14 15 16 17 | 17.5
Fire Magic     | 1 2 3 4 5 6 7 8 9 10 11 12 13 14 15 | 15.3
Ice Magic      | 1 2 3 4 5 6 7 8 9 10 11 12 13 14 15 | 15.3
Air Magic      | 1 2 3 4 5 6 7 8 9 10 11 12 13 14 15 | 15.3
Earth Magic    | 1 2 3 4 5 6 7 8 9 10 11 12 13 14 15 | 15.3
Poison Magic   | 1 2 3 4 5 6 7 8 9 10 11 12 13 14 15 | 15.3
Short Blades   | 5 6 7 8 9 10 11 12 13 14 15 16 17 18 | 18.1
Fighting       | 7 8 9 10 11 12 13 14 15 16 17 18 | 18.5
Armour         | 7 8 9 10 11 12 13 14 15 16 17 18 | 18.5
Shields        | 7 8 9 10 11 12 13 14 15 16 17 18 | 18.5

Action                   |  1- 3 |  4- 6 |  7- 9 | 10-12 | 13-15 | 16-18 | 19-21 | 22-24 | 25-27 || total
-------------------------+-------+-------+-------+-------+-------+-------+-------+-------+-------++-------
Melee: Rapier            |   102 |   115 |       |       |       |       |       |       |       ||   217
       Bite              |     8 |    18 |    15 |    74 |   174 |   196 |   174 |   185 |   346 ||  1190
       Long sword        |       |    30 |   196 |   631 |  1134 |   922 |       |       |       ||  2913
       Demon trident     |       |       |       |       |       |   439 |  1332 |  1475 |  2063 ||  5309
 Cast: Spectral Weapon   |       |       |       |     8 |    41 |    43 |    26 |    19 |    16 ||   153
       Sticky Flame      |       |       |       |       |    48 |    22 |     5 |     3 |       ||    78
       Regeneration      |       |       |       |       |     6 |    16 |     8 |     8 |    14 ||    52
       Statue Form       |       |       |       |       |       |    35 |    66 |    76 |    62 ||   239
       Bolt of Magma     |       |       |       |       |       |     7 |       |       |       ||     7
       Lee's Rapid Decon |       |       |       |       |       |     3 |     1 |       |       ||     4
       Spellforged Servi |       |       |       |       |       |       |       |    13 |    29 ||    42
       Necromutation     |       |       |       |       |       |       |       |       |    29 ||    29
       Ignition          |       |       |       |       |       |       |       |       |     5 ||     5
       Lesser Beckoning  |       |       |       |       |       |       |       |       |     1 ||     1
Invok: Curse Item        |       |       |     4 |     4 |       |     5 |       |     4 |     2 ||    19
 Abil: End Transformatio |       |       |       |       |       |       |       |       |     1 ||     1
Evoke: Wand              |       |       |     4 |     9 |    13 |     8 |     2 |     1 |       ||    37
       Phantom mirror    |       |       |       |       |     2 |       |     1 |       |       ||     3
       Lamp of fire      |       |       |       |       |       |       |     1 |     1 |       ||     2
  Use: Scroll            |       |       |    19 |     7 |     8 |    13 |     2 |     8 |     8 ||    65
       Potion            |       |       |     1 |     2 |     6 |     5 |       |       |     2 ||    16
 Stab: Paralysed         |       |       |     2 |    15 |       |       |       |       |       ||    17
       Distracted        |       |       |       |       |     6 |    10 |     6 |    18 |    30 ||    70
       Invisible         |       |       |       |       |     2 |    11 |       |       |       ||    13
       Sleeping          |       |       |       |       |       |    13 |    29 |    18 |    17 ||    77
  Eat: Chunk             |       |     5 |    10 |    18 |    46 |    26 |    51 |    45 |    24 ||   225
       Ration            |       |       |       |     1 |     1 |     8 |     2 |     5 |    10 ||    27
Armor: Scale mail        |    37 |    53 |    29 |       |       |       |       |       |       ||   119
       Chain mail        |       |       |    38 |   220 |   383 |    65 |       |       |       ||   706
       Swamp dragon scal |       |       |       |       |       |   134 |     6 |     2 |   130 ||   272
       Skin              |       |       |       |       |       |   122 |   262 |   358 |   340 ||  1082
Dodge: Dodged            |    27 |    74 |    63 |   186 |   412 |   883 |   911 |  1072 |  1370 ||  4998
       Deflected         |       |       |       |     4 |     7 |    94 |    63 |    22 |       ||   190
Block: Shield            |    45 |    98 |   138 |   440 |   774 |  1135 |  1024 |  1014 |  1409 ||  6077
       Rpst.: Long sword |       |    10 |    14 |    41 |   102 |   120 |       |       |       ||   287

Table legend:
 A = Non-vault XP
 B = Vault XP
 C = Vault XP percentage of total XP
 D = Non-vault monster count
 E = Vault monster count
 F = Vault count percentage of total count
                 A         B        C        D         E       F
            +---------+---------+-------+---------+---------+-------
      Total |  754860 |  717039 |  48.7 |    1509 |     882 |  36.9
            +---------+---------+-------+---------+---------+-------
        D:1 |      39 |       6 |  13.3 |      20 |       4 |  16.7
        D:2 |     102 |       0 |   0.0 |      19 |       0 |   0.0
        D:3 |     101 |       0 |   0.0 |      19 |       0 |   0.0
        D:4 |     129 |       0 |   0.0 |      11 |       0 |   0.0
        D:5 |     767 |     215 |  21.9 |      33 |       2 |   5.7
        D:6 |     272 |       0 |   0.0 |       7 |       0 |   0.0
        D:7 |     855 |     452 |  34.6 |      17 |       2 |  10.5
        D:8 |    2624 |       0 |   0.0 |      30 |       0 |   0.0
        D:9 |    1354 |     625 |  31.6 |      22 |       4 |  15.4
       D:10 |    2570 |    1007 |  28.2 |      34 |       1 |   2.9
       D:11 |    4004 |     437 |   9.8 |      39 |       2 |   4.9
       D:12 |    4272 |    7087 |  62.4 |      25 |      23 |  47.9
       D:13 |    7559 |    5795 |  43.4 |      32 |      10 |  23.8
       D:14 |   12127 |       0 |   0.0 |      40 |       0 |   0.0
       D:15 |   13650 |    8029 |  37.0 |      41 |      12 |  22.6
     Lair:1 |    3493 |    1628 |  31.8 |      15 |       3 |  16.7
     Lair:2 |     494 |    2475 |  83.4 |       4 |      19 |  82.6
     Lair:3 |    3403 |       0 |   0.0 |      10 |       0 |   0.0
     Lair:4 |    8694 |    2257 |  20.6 |      25 |       3 |  10.7
     Lair:5 |    5698 |     185 |   3.1 |      22 |       6 |  21.4
   Shoals:1 |   27098 |    2378 |   8.1 |      47 |       1 |   2.1
   Shoals:2 |   11206 |    4210 |  27.3 |      22 |       8 |  26.7
   Shoals:3 |   12155 |     432 |   3.4 |      21 |       4 |  16.0
   Shoals:4 |    8118 |   22104 |  73.1 |      22 |      35 |  61.4
    Snake:1 |   17950 |    4039 |  18.4 |      40 |       2 |   4.8
    Snake:2 |    7488 |    9071 |  54.8 |      15 |       8 |  34.8
    Snake:3 |   21660 |       0 |   0.0 |      42 |       0 |   0.0
    Snake:4 |   13936 |   37604 |  73.0 |      25 |      64 |  71.9
      Orc:1 |    6870 |    4178 |  37.8 |      57 |      13 |  18.6
      Orc:2 |    1152 |    8770 |  88.4 |      26 |      24 |  48.0
      Elf:1 |    9303 |    8595 |  48.0 |      15 |      15 |  50.0
      Elf:2 |   19293 |   23091 |  54.5 |      34 |      29 |  46.0
      Elf:3 |   22614 |   43166 |  65.6 |      38 |      29 |  43.3
   Vaults:1 |   16957 |    6245 |  26.9 |      37 |       9 |  19.6
   Vaults:2 |   30851 |   14082 |  31.3 |      54 |      16 |  22.9
   Vaults:3 |   46085 |   30156 |  39.6 |      86 |      41 |  32.3
   Vaults:4 |   22247 |   39118 |  63.7 |      27 |      32 |  54.2
   Vaults:5 |   32583 |  163075 |  83.3 |      46 |     109 |  70.3
    Crypt:1 |   27325 |    8243 |  23.2 |      40 |       6 |  13.0
    Crypt:2 |   26431 |       0 |   0.0 |      46 |       0 |   0.0
    Crypt:3 |       0 |   69528 | 100.0 |       0 |      95 | 100.0
   Depths:1 |   43532 |   30130 |  40.9 |      57 |      22 |  27.8
   Depths:2 |   58579 |   38829 |  39.9 |      79 |      41 |  34.2
   Depths:3 |       0 |   52426 | 100.0 |       0 |      86 | 100.0
   Depths:4 |   37048 |   17287 |  31.8 |      43 |      11 |  20.4
   Depths:5 |   16167 |   19810 |  55.1 |      14 |      15 |  51.7
      Zot:1 |   59902 |       0 |   0.0 |      40 |       0 |   0.0
      Zot:2 |   47883 |   12418 |  20.6 |      34 |      12 |  26.1
      Zot:3 |   24341 |       0 |   0.0 |      17 |       0 |   0.0
    Abyss:1 |   13879 |       0 |   0.0 |      20 |       0 |   0.0
    Ossuary |       0 |     304 | 100.0 |       0 |      11 | 100.0
      IceCv |       0 |   11518 | 100.0 |       0 |      40 | 100.0
   Gauntlet |       0 |    6034 | 100.0 |       0 |      13 | 100.0
            +---------+---------+-------+---------+---------+-------
